 Dungeon Crawl Stone Soup version 0.31-a0-37-g98a128e1d9 (webtiles) character file.

Game seed: 5679927911898999346

450 senseless the Trooper (level 6, -4/48 HPs)
             Began as a Demonspawn Fighter on May 15, 2023.
             Was an Initiate of Yredelemnul.
             Slain by an ogre
             ... wielding a +0 giant club
              (22 damage)
             ... on level 4 of the Dungeon.
             The game lasted 00:10:05 (2335 turns).

senseless the Trooper (Demonspawn Fighter)          Turns: 2335, Time: 00:10:06

Health: -4/48      AC: 12    Str: 19    XL:     6   Next: 74%
Magic:  8/8        EV:  5    Int:  9    God:    Yredelemnul [......]
Gold:   185        SH:  5    Dex: 12    Spells: 5/5 levels left

rFire   . . .        s - +1 hand axe (venom)
rCold   . . .        c - +0 buckler
rNeg    . . .        l - +0 plate armour
rPois   +            (no helmet)
rElec   .            f - +0 cloak
rCorr   .            (no gloves)
SInv    .            (no boots)
Will    .....        (no amulet) Stlth
                     i - ring of flight
HPRegen 0.28/turn    q - ring of poison resistance
MPRegen 0.11/turn

%: no passive effects
@: flying
A: demonic touch 2
a: Renounce Religion, Recall Undead Harvest


You were on level 4 of the Dungeon.
You worshipped Yredelemnul.
Yredelemnul was noncommittal.
You visited 1 branch of the dungeon, and saw 4 of its levels.

You collected 185 gold pieces.

Inventory:

Hand Weapons
 a - a +0 war axe
 p - a +2 short sword of venom
 s - a +1 hand axe of venom (weapon)
Armour
 c - a +0 buckler (worn)
 f - a +0 cloak (worn)
 l - a +0 plate armour (worn)
Jewellery
 i - a ring of flight (left hand)
 q - a ring of poison resistance (right hand)
Wands
 n - a wand of mindburst (23)
Scrolls
 b - a scroll of brand weapon {unknown}
 e - 5 scrolls of identify {unknown}
 g - a scroll of acquirement {unknown}
 j - a scroll of blinking {unknown}
 r - a scroll of silence {unknown}
 u - a scroll of poison {unknown}
 v - 3 scrolls of amnesia {unknown}
Potions
 d - a potion of might
 h - a potion of cancellation {unknown}
 k - a potion of attraction {unknown}
 m - 2 potions of ambrosia {unknown}
 o - a potion of curing {unknown}
 t - 2 potions of degeneration {unknown}


   Skills:
 + Level 4.3 Fighting
 + Level 3.3 Axes
 + Level 3.9 Armour
 + Level 3.9 Shields
 + Level 3.8 Invocations


You had 5 spell levels left.
You didn't know any spells.
Your spell library contained the following spells:

 Spells                   Type           Power      Damage    Failure   Level
 Shock                    Conj/Air       0%         1d3       100%        1
 Ensorcelled Hibernation  Hex/Ice        0%         N/A       100%        2
 Sublimation of Blood     Necr           0%         N/A       100%        2
 Wereblood                Tmut           0%         N/A       100%        2
 Inner Flame              Hex/Fire       0%         N/A       100%        3
 Spider Form              Tmut/Pois      0%         N/A       100%        3
 Swiftness                Air            0%         N/A       100%        3
 Airstrike                Air            0%         2d(0-16)  100%        4
 Anguish                  Hex/Necr       0%         N/A       100%        4
 Flame Wave               Conj/Fire      0%         2d4       100%        4
 Sticky Flame             Conj/Fire      0%         2d3       100%        4
 Summon Hydra             Summ           0%         N/A       100%        7


Dungeon Overview and Level Annotations

Branches:
Dungeon (4/15)             Temple (0/1) D:4

Altars:
Gozag
Okawaru
Yredelemnul

Shops:
D:2 (


Innate Abilities, Weirdness & Mutations

Your touch may inflict irresistible damage on your foes.


Message History

You closely miss Sigmund.
Sigmund is heavily wounded.
You closely miss the orc.
You feel less confused. You block the orc's attack. Sigmund barely misses you.
You closely miss Sigmund.
Sigmund is heavily wounded.
You hit the orc.
You kill the orc!
The dead are walking!
Sigmund hits you with a +0 scythe!
You barely miss Sigmund.
Sigmund is severely wounded.
Your orc zombie hits Sigmund.
You closely miss Sigmund.
Sigmund is almost dead.
You kill Sigmund!
An ogre comes into view. It is wielding a +0 giant club.
Your orc zombie barely misses the ogre.
Your orc zombie hits the ogre but does no damage.
The ogre closely misses your orc zombie.
Your orc zombie hits the ogre.
Your orc zombie hits the ogre but does no damage.
Things that are here:
a +0 scythe; a +0 robe; a scroll labelled XAEK NEQOAC You swap places.
You block the ogre's attack.
Your orc zombie hits the ogre.
An orc priest comes into view. It is wielding a +0 hand axe.
You see here a +0 flail.
You hit the ogre but do no damage.
The ogre is poisoned.
The ogre is lightly wounded.
Your orc zombie barely misses the ogre.
The orc priest looks satisfied for a moment.
The ogre hits you with a +0 giant club!
You hit the ogre but do no damage.
The ogre looks as sick as possible!
The ogre is lightly wounded.
Your orc zombie hits the ogre.
You barely miss the ogre.
The ogre is lightly wounded.
The ogre hits you with a +0 giant club!!
You die...
Your body rises from the dead as a mindless zombie.

#...# #...## .# # #....
.#.# #...# ##'#.##
#...###......#
#...#.'......# ########
#.<.#.#......#
.......####.#.#.#......#
.......+......oZ@OZ.....
.......##############.##
.!))........
.......##### .......#
...))..# .....ZZ#
.......# #
.....Z.#########
######## .#


You could see an ogre (extremely poisoned, ally target), an orc priest and 2
friendly orc zombies.

Vanquished Creatures
  Sigmund (D:4)
  A phantom (D:4)
  A centaur (D:3)
  An ufetubus (D:3)
  2 worms (D:3)
  8 orcs
  3 bats
  11 endoplasms
  2 giant cockroaches (D:1)
  6 hobgoblins
  6 jackals (D:1)
  6 kobolds
  7 quokkas
  10 ball pythons
  4 frilled lizards
  4 goblins
  6 rats
  A butterfly (D:4)
80 creatures vanquished.

Vanquished Creatures (collateral kills)
  A howler monkey (D:4)
1 creature vanquished.

Vanquished Creatures (others)
  An orc zombie (D:4)
  A quokka zombie (D:4)
2 creatures vanquished.

Grand Total: 83 creatures vanquished

Notes
Turn   | Place    | Note
-------+----------+-------------------------------------------
     0 | D:1      | senseless the Demonspawn Fighter began the quest for the
                  | Orb.
     0 | D:1      | Reached XP level 1. HP: 18/18 MP: 1/1
    72 | D:1      | Gained mutation: Your touch may inflict minor irresistible
                  | damage on your foes. [demonic ancestry]
    72 | D:1      | Reached XP level 2. HP: 19/24 MP: 2/2
   126 | D:1      | Reached skill level 1 in Invocations
   318 | D:1      | Gained mutation: Your touch may inflict irresistible damage
                  | on your foes. [demonic ancestry]
   318 | D:1      | Reached XP level 3. HP: 29/29 MP: 3/3
   880 | D:2      | Found Jorph's Antique Weapon Emporium.
  1138 | D:3      | Found a faded altar of an unknown god.
  1599 | D:3      | Reached XP level 4. HP: 35/35 MP: 5/5
  1807 | D:3      | Identified the +7 ring mail of Vexation {rElec rPois Slay-4
                  | Stlth+}
  1820 | D:3      | You are sucked into a shaft and drop 1 floor!
  1820 | D:4      | Found an iron altar of Okawaru.
  1826 | D:4      | Found a basalt altar of Yredelemnul.
  1835 | D:4      | Became a worshipper of Yredelemnul the Dark
  1836 | D:4      | Found a staircase to the Ecumenical Temple.
  1903 | D:4      | Noticed a phantom
  1921 | D:4      | Killed a phantom
  1922 | D:4      | Reached XP level 5. HP: 17/42 MP: 6/6
  1924 | D:4      | Noticed a phantom
  1926 | D:4      | Reached * piety under Yredelemnul
  1938 | D:4      | HP: 1/42 [phantom (5)]
  2157 | D:3      | Found an opulent altar of Gozag.
  2215 | D:3      | Noticed a centaur
  2221 | D:3      | Killed a centaur
  2222 | D:3      | Reached skill level 4 in Fighting
  2222 | D:3      | Reached XP level 6. HP: 43/48 MP: 8/8
  2304 | D:4      | Noticed Sigmund
  2330 | D:4      | Killed Sigmund
  2335 | D:4      | Slain by an ogre

Illustrated notes

Levels and vault maps discovered:
D:1:      minmay_arrival_glassed_features, layout_rooms
D:2:      layout_basic, serial_shops, nicolae_shop_hallway_plus,
          nicolae_figureground_pulse
D:3:      layout_loops_ring, lemuel_doored_altar, basic_ecumenical_altar
D:4:      layout_basic, okawaru_metal_pillars_3, yredelemnul_altar_generic,
          minmay_temple_entry_butterflies, gammafunk_ghost_arena, uniq_sigmund

Skill      XL: |  1  2  3  4  5 |
---------------+----------------+-----
Axes           | 2 3 |  3.3
Invocations    | 1 2 3 |  3.8
Shields        | 3 |  3.9
Armour         | 3 |  3.9
Fighting       | 4 |  4.3

Action                     |  1- 3 |  4- 6 || total
---------------------------+-------+-------++-------
  Melee: War axe           |   128 |       ||   128
         Short sword       |    19 |     1 ||    20
         Hand axe          |       |    75 ||    75
 Armour: Scale mail        |    56 |       ||    56
         Plate armour      |    39 |    64 ||   103
  Dodge: Dodged            |    55 |    24 ||    79
  Block: Buckler           |    43 |    16 ||    59

Table legend: (Time is in decaauts)
 A = Elapsed time spent in this place.
 B = Non-inter-level travel time spent in this place.
 C = Inter-level travel time spent in this place.
 D = Time resting spent in this place.
 E = Time spent auto-exploring this place.
 F = Levels seen in this place.
 G = Mean time per level.
                   A        B        C        D        E       F      G
               +--------+--------+--------+--------+--------+-----+--------+
         Total |   2404 |   2346 |     58 |      9 |   1781 |   4 |  601.0 |
       Dungeon |   2404 |   2346 |     58 |      9 |   1781 |   4 |  601.0 |
               +--------+--------+--------+--------+--------+-----+--------+

Top non-repeatable levels by time:
     D:3: 1058 daAuts
     D:2: 625 daAuts
     D:1: 553 daAuts
     D:4: 167 daAuts
